 Dungeon Crawl Stone Soup version 0.24-a0-201-gf205589 (console) character file.

Game seed: 8318019622543725636

659 Duffy the Shield-Bearer (level 7, -4/59 HPs)
             Began as a Minotaur Fighter on Mar 22, 2019.
             Slain by Pikel
             ... wielding a +2 whip of electrocution
              (10 damage)
             ... on level 3 of the Dungeon.
             The game lasted 00:04:22 (4998 turns).

Duffy the Shield-Bearer (Minotaur Fighter)          Turns: 4998, Time: 00:04:23

Health: -4/59      AC: 10    Str: 22    XL:     7   Next: 30%
Magic:  6/6        EV:  6    Int:  5    God:
Gold:   207        SH: 11    Dex: 10    Spells: 6/6 levels left

rFire    . . .     SeeInvis .     - Unarmed
rCold    . . .     Gourm    .   b - +0 shield
rNeg     . . .     Faith    .   l - +0 chain mail
rPois    .         Spirit   .   (helmet restricted)
rElec    .         Reflect  .   (no cloak)
rCorr    .         Harm     .   (no gloves)
MR       .....                  v - +0 pair of boots
Stlth    ..........             (no amulet)
HPRegen  0.19/turn              s - ring of stealth
MPRegen  0.10/turn              (no ring)

@: no status effects
A: retaliatory headbutt, horns 2
a: no special abilities


You were on level 3 of the Dungeon.
You were not hungry.

You visited 1 branch of the dungeon, and saw 5 of its levels.

You collected 207 gold pieces.

Inventory:

Armour
 b - a +0 shield (worn)
 l - a +0 chain mail (worn)
 v - a +0 pair of boots (worn)
Jewellery
 j - an uncursed ring of fire
 s - a ring of stealth (left hand)
Scrolls
 a - 4 scrolls of immolation {unknown}
 i - 6 scrolls of identify {unknown}
 m - 2 scrolls of magic mapping {unknown}
 n - a scroll of random uselessness {unknown}
 o - a scroll of enchant armour {unknown}
 r - a scroll of remove curse {unknown}
 t - a scroll of enchant weapon {unknown}
 w - a scroll of blinking {unknown}
Potions
 c - a potion of might
 e - a potion of agility {unknown}
 f - a potion of flight {unknown}
 g - 2 potions of curing {unknown}
 h - a potion of magic {unknown}
 k - a potion of degeneration {unknown}
 p - 2 potions of heal wounds {unknown}
 q - 2 potions of haste {unknown}
Comestibles
 d - 8 rations
 u - 6 chunks of flesh


   Skills:
 - Level 4.1 Fighting
 - Level 4.2 Armour
 + Level 7.2 Shields
 + Level 6.4 Unarmed Combat


You had 6 spell levels left.
You didn't know any spells.
Your spell library was empty.

Dungeon Overview and Level Annotations

Branches:
Dungeon (5/15)
 Temple: D:4-7

Altars:

Annotations:
D:3 Pikel


Innate Abilities, Weirdness & Mutations

You reflexively headbutt those who attack you in melee.
You have a pair of horns on your head.


Message History

Pikel is moderately wounded.
You block Pikel's attack.
You closely miss Pikel. Your headbutt misses Pikel.
Pikel is moderately wounded.
You block Pikel's attack.
You hit Pikel but do no damage. Your headbutt misses Pikel.
Pikel is moderately wounded.
You block Pikel's attack.
You barely miss Pikel. Your headbutt misses Pikel.
Pikel is moderately wounded.
You block Pikel's attack.
You punch Pikel!
Pikel is heavily wounded.
Pikel hits you with a +2 whip of electrocution.
You are electrocuted!
You barely miss Pikel. Your headbutt misses Pikel.
Pikel is heavily wounded.
Pikel hits you with a +2 whip of electrocution.
You are electrocuted!
You die...

##.#######.##
#....#.....# #
#..#.#.##### #
#..#.#.# # #..#.#.#
# #..#.#.# #
#..#...#
##########..#######
................K@#
.....##.##.########
...........#
.###.##.####
.#...#.....#
.#<#.#..##.#
.#...#..##.#
.#...#..##.#
.#......##.#


You could see Pikel.

Vanquished Creatures
  3 ogres
  A centaur (D:5)
  2 scorpions (D:4)
  An orc priest (D:3)
  An orc wizard (D:3)
  An iguana (D:4)
  8 adders
  An ooze (D:3)
  2 worms
  A dart slug (D:4)
  5 leopard geckos
  8 orcs
  A ball python (D:1)
  7 giant cockroaches
  6 goblins
  3 hobgoblins
  3 jackals (D:4)
  7 kobolds
  A quokka (D:2)
  7 bats
  6 frilled lizards
  5 rats
80 creatures vanquished.

Notes
Turn   | Place    | Note
-------+----------+-------------------------------------------
     0 | D:1      | Duffy the Minotaur Fighter began the quest for the Orb.
     0 | D:1      | Reached XP level 1. HP: 19/19 MP: 0/0
   153 | D:1      | Reached XP level 2. HP: 24/27 MP: 1/1
   908 | D:2      | Reached skill level 4 in Shields
   908 | D:2      | Reached XP level 3. HP: 14/33 MP: 2/2
  1567 | D:2      | Reached XP level 4. HP: 40/40 MP: 3/3
  2478 | D:3      | Reached XP level 5. HP: 46/46 MP: 4/4
  2701 | D:3      | Reached skill level 5 in Shields
  3083 | D:4      | Got an opalescent robe
  3352 | D:4      | Noticed an ogre
  3363 | D:4      | Killed an ogre
  3363 | D:4      | Reached skill level 6 in Shields
  3363 | D:4      | Reached skill level 5 in Unarmed Combat
  3363 | D:4      | Reached XP level 6. HP: 22/52 MP: 5/5
  4764 | D:5      | Entered Level 5 of the Dungeon
  4785 | D:5      | Reached skill level 7 in Shields
  4785 | D:5      | Reached XP level 7. HP: 53/59 MP: 6/6
  4925 | D:5      | Noticed Pikel
  4998 | D:3      | Slain by Pikel

Levels and vault maps discovered:
D:1:      minmay_arrival_four_loops, layout_basic, kennysheep_flooded_box
D:2:      layout_loops_cross
D:3:      layout_basic
D:4:      layout_gridville, minmay_misc_feat_four_crosses
D:5:      layout_gridville, first_ration, uniq_pikel

Skill      XL: |  1  2  3  4  5  6 |
---------------+-------------------+-----
Armour         | 4 |  4.2
Shields        | 4 6 7 |  7.2
Unarmed Combat | 3 4 5 6 |  6.4
Fighting       | 4 |  4.1

Action                   |  1- 3 |  4- 6 |  7- 9 || total
-------------------------+-------+-------+-------++-------
Melee: Unarmed           |   104 |   164 |    23 ||   291
       Headbutt          |    16 |    23 |     2 ||    41
  Eat: Chunk             |     2 |    10 |     1 ||    13
Armor: Scale mail        |    34 |    14 |       ||    48
       Chain mail        |       |    31 |     6 ||    37
Dodge: Dodged            |    24 |    33 |     1 ||    58
Block: Shield            |    60 |    64 |    12 ||   136

Table legend:
 A = Non-vault XP
 B = Vault XP
 C = Vault XP percentage of total XP
 D = Non-vault monster count
 E = Vault monster count
 F = Vault count percentage of total count
                 A         B        C        D         E       F
            +---------+---------+-------+---------+---------+-------
      Total |     942 |       0 |   0.0 |      80 |       0 |   0.0
            +---------+---------+-------+---------+---------+-------
        D:1 |      28 |       0 |   0.0 |      17 |       0 |   0.0
        D:2 |      72 |       0 |   0.0 |      18 |       0 |   0.0
        D:3 |     153 |       0 |   0.0 |      24 |       0 |   0.0
        D:4 |     460 |       0 |   0.0 |      16 |       0 |   0.0
        D:5 |     229 |       0 |   0.0 |       5 |       0 |   0.0
            +---------+---------+-------+---------+---------+-------
